 Dungeon Crawl Stone Soup version 0.22-a0-126-g307c7c3 (webtiles) character file.

71 roguesci the Magician (level 4, 0/33 HPs)
             Began as a Demonspawn Wizard on Jan 30, 2018.
             Slain by a bullfrog skeleton (2 damage)
             ... on level 4 of the Dungeon.
             The game lasted 00:07:39 (3480 turns).

roguesci the Magician (Demonspawn Wizard)           Turns: 3480, Time: 00:07:39

Health: 0/33       AC:  4    Str:  8    XL:     4   Next: 5%
Magic:  2/8        EV: 12    Int: 20    God:
Gold:   144        SH:  0    Dex: 11    Spells: 3/9 levels left

rFire    . . .     SeeInvis .   e - -2 dagger (curse)
rCold    . . .     Gourm    .   (no shield)
rNeg     . . .     Faith    .   a - +0 robe
rPois    .         Spirit   .   b - +0 hat
rElec    .         Reflect  .   (no cloak)
rCorr    .         Harm     .   h - +1 pair of gloves
MR       .....                  (no boots)
Stlth    +.........             (no amulet)
HPRegen  0.11/turn              (no ring)
MPRegen  0.11/turn              (no ring)

@: very slightly contaminated
A: hooves 2, horns 1
a: no special abilities


You were on level 4 of the Dungeon.
You were not hungry.

You visited 1 branch of the dungeon, and saw 4 of its levels.

You collected 144 gold pieces.

Inventory:

Hand Weapons
 e - a cursed -2 dagger (weapon)
Missiles
 g - 62 stones (quivered)
Armour
 a - a +0 robe (worn)
 b - a +0 hat (worn)
 h - a +1 pair of gloves (worn)
Scrolls
 o - a scroll of enchant armour
Potions
 f - 4 potions of curing
 i - a potion of haste {unknown}
 j - 2 potions of magic {unknown}
 k - a potion of mutation {unknown}
 m - a potion of heal wounds {unknown}
Books
 c - a book of Minor Magic

   Spells                             Type                      Level
   a - Magic Dart                     Conjuration                  1
   b - Blink                          Translocation                2
   c - Call Imp                       Summoning                    2
   d - Slow                           Hexes                        2
   e - Conjure Flame                  Conjuration/Fire             3
   f - Mephitic Cloud                 Conjuration/Poison/Air       3
 n - a book of Cantrips

   Spells                             Type                      Level
   a - Confusing Touch                Hexes                        1
   b - Animate Skeleton               Necromancy                   1
   c - Summon Small Mammal            Summoning                    1
   d - Apportation                    Translocation                1
Comestibles
 d - 5 rations
 l - a chunk of flesh


   Skills:
 * Level 1.6 Fighting
 + Level 0.9 Armour
 + Level 2.5 Dodging
 - Level 2.0 Stealth
 + Level 3.1 Spellcasting
 + Level 1.4 Conjurations
   Level 1.0 Summonings
 - Level 0.8 Translocations
 * Level 0.3 Air Magic
 * Level 0.5 Poison Magic


You had 3 spell levels left.
You knew the following spells:

 Your Spells              Type           Power        Failure   Level  Hunger
a - Magic Dart            Conj           #...         8%          1    None
b - Blink                 Tloc           N/A          16%         2    ##.....
c - Mephitic Cloud        Conj/Pois/Air  #.......     30%         3    ###....


Dungeon Overview and Level Annotations

Branches:
Dungeon (4/15)
 Temple: D:4-7

Altars:


Innate Abilities, Weirdness & Mutations

You have hoof-like feet.
You have a pair of small horns on your head.


Message History

The bullfrog skeleton hits you.
* * * LOW HITPOINT WARNING * * *
You barely miss the bullfrog skeleton. You headbutt the bullfrog skeleton.
The bullfrog skeleton is severely damaged.
The bullfrog skeleton closely misses you.
You barely miss the bullfrog skeleton.
The bullfrog skeleton is severely damaged.
The bullfrog skeleton closely misses you. x2
You hit the bullfrog skeleton.
The bullfrog skeleton is severely damaged.
The bullfrog skeleton hits you.
* * * LOW HITPOINT WARNING * * *
You hit the bullfrog skeleton but do no damage.
The bullfrog skeleton is severely damaged.
The bullfrog skeleton hits you.
* * * LOW HITPOINT WARNING * * *
You barely miss the bullfrog skeleton.
The bullfrog skeleton is severely damaged.
The bullfrog skeleton hits you.
You die...

.#.####.#.# .......#.#
......#.# ..........
......#.# # #.#.#.#.#
....##.#.#.#.##### ##
#......Z........ ..
######.#@#.#### #.#
.......$..#.### #.#
#######.#.....######.#
#.#.#.#........#
#.#.#.#..####..#
#.#.#.#..# #..#
#.#.#.#..# #..#
#.#.#.#######..##
#.#.#...........#


You could see a bullfrog skeleton.

Vanquished Creatures
  3 adders
  2 dart slugs
  A leopard gecko (D:3)
  5 giant cockroaches
  5 goblins
  7 hobgoblins
  2 ball pythons
  3 bats
  3 frilled lizards
  3 kobolds
  6 rats
40 creatures vanquished.

Notes
Turn   | Place    | Note
-------+----------+-------------------------------------------
     0 | D:1      | roguesci the Demonspawn Wizard began the quest for the Orb.
     0 | D:1      | Reached XP level 1. HP: 13/13 MP: 4/4
   396 | D:1      | Gained mutation: You have a pair of small horns on your head. [demonic ancestry]
   396 | D:1      | Reached XP level 2. HP: 20/20 MP: 3/6
   428 | D:1      | Learned a level 2 spell: Blink
  1727 | D:2      | Reached skill level 1 in Fighting
  1798 | D:2      | Gained mutation: You have large cloven feet. [demonic ancestry]
  1798 | D:2      | Reached XP level 3. HP: 26/26 MP: 3/7
  2369 | D:3      | Learned a level 3 spell: Mephitic Cloud
  3069 | D:3      | Gained mutation: You have hoof-like feet. [demonic ancestry]
  3069 | D:3      | Reached XP level 4. HP: 22/33 MP: 8/8
  3480 | D:4      | Slain by a bullfrog skeleton

Vault maps used:
D:1:      lemuel_arrival_cross, minmay_misc_feat_x
D:2:      patterned_corridor
D:4:      first_ration

Skill      XL: |  1  2 |
---------------+-------+-----
Dodging        | 2 |  2.5
Fighting       | 1 |  1.6
Stealth        | 2 |  2.0
Armour         | |  0.9
Spellcasting   | |  3.1
Conjurations   | |  1.4
Summonings     | |  1.0
Translocations | |  0.8
Air Magic      | |  0.3
Poison Magic   | |  0.5

Action                   |  1- 3 |  4- 6 || total
-------------------------+-------+-------++-------
Melee: Dagger            |   176 |    16 ||   192
       Headbutt          |    15 |     2 ||    17
       Kick              |    10 |     2 ||    12
 Cast: Magic Dart        |    42 |     7 ||    49
  Use: Scroll            |     2 |       ||     2
 Stab: Sleeping          |     5 |     1 ||     6
  Eat: Chunk             |     7 |     1 ||     8
Armor: Robe              |    32 |     6 ||    38
Dodge: Dodged            |   151 |    12 ||   163

Table legend:
 A = Spawn XP
 B = Non-spawn XP
 C = Spawn XP percentage of total XP
 D = Spawn monster count
 E = Non-spawn monster count
 F = Spawn count percentage of total count
 G = Total turns spent on level
                    A         B        C        D         E        F      G
               +---------+---------+-------+---------+---------+-------+---------
         Total |       0 |     102 |   0.0 |       0 |      40 |   0.0 |  3480
               +---------+---------+-------+---------+---------+-------+---------
           D:1 |       0 |      17 |   0.0 |       0 |       9 |   0.0 |  1074
           D:2 |       0 |      45 |   0.0 |       0 |      14 |   0.0 |  1199
           D:3 |       0 |      38 |   0.0 |       0 |      16 |   0.0 |  1094
           D:4 |       0 |       2 |   0.0 |       0 |       1 |   0.0 |   113
               +---------+---------+-------+---------+---------+-------+---------
